 Dungeon Crawl Stone Soup version 0.30-a0-728-gc68057be0a (webtiles) character file.

Game seed: 82384503979013520

145 testman the Chucker (level 5, -1/47 HPs)
             Began as a Gnoll Wanderer on Jan 29, 2023.
             Splashed by a jelly's acid (7 damage)
             ... on level 4 of the Dungeon on Jan 30, 2023.
             The game lasted 00:11:31 (3267 turns).

testman the Chucker (Gnoll Wanderer)                Turns: 3267, Time: 00:11:31

Health: -1/47      AC: -15   Str: 19    XL:     5   Next: 27%
Magic:  7/7        EV: 11    Int: 10    God:
Gold:   237        SH:  0    Dex: 13    Spells: 7/7 levels left

rFire   . . .      SeeInvis .    a - +3 dagger
rCold   . . .      Faith    .    (no shield)
rNeg    . . .      Spirit   .    e - +0 leather armour
rPois   .          Reflect  .    (no helmet)
rElec   .          Harm     .    (no cloak)
rCorr   .          Rampage  .    (no gloves)
Will    .....                    d - +0 pair of boots
Stlth   ++                       (no amulet)
HPRegen 0.27/turn                n - +6 ring of strength
MPRegen 0.10/turn                (no ring)

@: brilliant, corroded
A: fangs 1, strong nose, distributed training
a: no special abilities


You were on level 4 of the Dungeon.
You visited 1 branch of the dungeon, and saw 4 of its levels.

You collected 237 gold pieces.

Inventory:

Hand Weapons
 a - a +3 dagger (weapon)
 c - a +0 hand axe
Missiles
 b - 3 curare-tipped darts (quivered)
 f - 7 poisoned darts
 q - 5 boomerangs
Armour
 d - a +0 pair of boots (worn)
 e - a +0 leather armour (worn)
Jewellery
 n - a +6 ring of strength (left hand)
Scrolls
 h - 2 scrolls of fog {unknown}
 i - 2 scrolls of blinking {unknown}
 j - a scroll of vulnerability {unknown}
 l - 4 scrolls of identify {unknown}
 m - a scroll of noise {unknown}
 r - a scroll of poison {unknown}
 s - 2 scrolls of amnesia {unknown}
 u - a scroll of enchant weapon {unknown}
Potions
 g - a potion of brilliance
 k - a potion of resistance {unknown}
 o - a potion of might {unknown}
 p - a potion of curing
 t - a potion of mutation {unknown}


   Skills:
 + Level 6.7 Fighting
 + Level 1.5 Short Blades
 + Level 1.5 Long Blades
 + Level 4.8 Axes
 + Level 1.5 Maces & Flails
 + Level 1.5 Polearms
 + Level 1.5 Staves
 + Level 1.5 Ranged Weapons
 + Level 6.7 Throwing
 + Level 3.0 Armour
 + Level 1.5 Dodging
 + Level 2.8 Stealth
 + Level 1.5 Shields
 + Level 1.5 Unarmed Combat
 + Level 1.5 Spellcasting
 + Level 1.2 Conjurations
 + Level 1.2 Hexes
 + Level 1.2 Summonings
 + Level 1.2 Necromancy
 + Level 1.2 Translocations
 + Level 1.2 Transmutations
 + Level 1.2 Fire Magic
 + Level 1.2 Ice Magic
 + Level 1.2 Air Magic
 + Level 1.2 Earth Magic
 + Level 1.2 Poison Magic
 + Level 1.7 Invocations
 + Level 1.5 Evocations


You had 7 spell levels left.
You didn't know any spells.
Your spell library contained the following spells:

 Spells                   Type           Power      Damage    Failure   Level
 Sandblast                Erth           8%         2d5       24%         1
 Cigotuvi's Dreadful Rot  Necr/Pois/Air  8%         N/A       34%         2
 Lesser Beckoning         Tloc           8%         N/A       34%         2
 Passwall                 Tmut/Erth      3%         N/A       34%         2
 Gell's Gravitas          Tloc           4%         N/A       56%         3
 Stone Arrow              Conj/Erth      8%         3d7       56%         3
 Teleport Other           Tloc           4%         N/A       56%         3
 Dispel Undead            Necr           4%         3d7       93%         4
 Leda's Liquefaction      Hex/Erth       2%         N/A       93%         4
 Lee's Rapid Deconstruct  Erth           2%         3d4*      100%        5
 Death Channel            Necr           2%         N/A       100%        6
 Statue Form              Tmut/Erth      2%         N/A       100%        6


Dungeon Overview and Level Annotations

Branches:
Dungeon (4/15)
 Temple: D:4-7

Altars:
Fedhas
Xom


Innate Abilities, Weirdness & Mutations

You have very sharp teeth.
Your uncanny sense of smell can sniff out nearby items.
Your experience applies equally to all skills.


Message History

You enter the shallow water.
Moving in this stuff is going to be slow.
Found an escape hatch in the floor.
There is an escape hatch in the floor here.
There is a stone staircase leading up here.
Things that are here:
a +0 whip; a +0 club A jelly comes into view.
The jelly quivers.
The jelly hits you but does no damage.
You hit the jelly. The acid corrodes you!
Your hands burn!
The jelly is moderately wounded.
The jelly hits you. The acid corrodes you!
You are splashed with acid!
You hit the jelly but do no damage.
Your hands burn!
You bite the jelly, but do no damage.
The jelly is moderately wounded.
The jelly barely misses you.
You hit the jelly but do no damage.
Your hands burn!
You bite the jelly, but do no damage.
The jelly is moderately wounded.
The jelly barely misses you.
You hit the jelly but do no damage.
Your hands burn!
The jelly is moderately wounded.
The jelly hits you. The acid corrodes you!
You are splashed with acid!
You are too injured to fight recklessly!
You are too injured to fight recklessly!
You completely miss the jelly. You bite the jelly, but do no damage.
The jelly is moderately wounded.
The jelly hits you. The acid corrodes you!
You are splashed with acid!
* * * LOW HITPOINT WARNING * * *
You feel better. The jelly hits you.
* * * LOW HITPOINT WARNING * * *
You are splashed with acid.
* * * LOW HITPOINT WARNING * * *
It was a potion of brilliance.
You feel clever all of a sudden. The jelly hits you.
* * * LOW HITPOINT WARNING * * *
The acid corrodes you!
You are splashed with acid!
You die...

............###......._PP.#......
#.###..###...#..P####PPPP.##...##
#.# #...........## .PPPP..###.##
#.# #.##.##.##### #.nnZ...###.###
#.# #.##.##.# #.ZZ...##...... #.#
#.##.##.# ###########.### #.#
#.##.##.# #..# #.## #.#
#.###.......#######..###..###.#
.<.).....###.#..@J.)..........###
##.##.......#..####).####.######.
##.##......###.......# #.# #.
##.##..####.#.#.###.## #.# ##.
##.##..# ##.##.# #.# #.# #~.
##.##..# ####.###.# #.# #..
##.##..# #........# #.. ##.
##.##..#####.######## #.# #.
#...........# #.# ##


You could see a jelly.

Vanquished Creatures
  5 adders
  A white imp (D:4)
  4 worms
  5 dart slugs
  3 orcs (D:4)
  2 bats (D:1)
  4 endoplasms
  A giant cockroach (D:4)
  16 goblins
  9 hobgoblins
  2 kobolds
  3 quokkas
  2 ball pythons
  3 frilled lizards (D:1)
  8 rats
68 creatures vanquished.

Vanquished Creatures (others)
  3 fungi (D:2)
  13 plants
16 creatures vanquished.

Grand Total: 84 creatures vanquished

Notes
Turn   | Place    | Note
-------+----------+-------------------------------------------
     0 | D:1      | testman the Gnoll Wanderer began the quest for the Orb.
     0 | D:1      | testman set off with the following items: a +3 dagger, 3
                  | curare-tipped darts, a +0 hand axe, a potion of haste, a +0
                  | leather armour.
     0 | D:1      | Reached XP level 1. HP: 23/23 MP: 1/1
   136 | D:1      | Reached XP level 2. HP: 29/29 MP: 2/2
   163 | D:1      | Upgraded the game from 0.30-a0-726-gd89dcf765f to
                  | 0.30-a0-728-gc68057be0a
   514 | D:1      | Reached XP level 3. HP: 26/35 MP: 3/3
   904 | D:2      | Found a shimmering altar of Xom.
   971 | D:2      | Reached skill level 1 in Invocations
  1048 | D:2      | Reached skill level 1 in Short Blades
  1048 | D:2      | Reached skill level 1 in Long Blades
  1048 | D:2      | Reached skill level 1 in Maces & Flails
  1048 | D:2      | Reached skill level 1 in Polearms
  1048 | D:2      | Reached skill level 1 in Staves
  1048 | D:2      | Reached skill level 1 in Ranged Weapons
  1048 | D:2      | Reached skill level 1 in Dodging
  1048 | D:2      | Reached skill level 1 in Shields
  1048 | D:2      | Reached skill level 1 in Unarmed Combat
  1048 | D:2      | Reached skill level 1 in Spellcasting
  1048 | D:2      | Reached skill level 1 in Evocations
  1145 | D:2      | Reached XP level 4. HP: 27/41 MP: 5/5
  1550 | D:2      | Found a faded altar of an unknown god.
  1574 | D:2      | Reached skill level 1 in Conjurations
  1574 | D:2      | Reached skill level 1 in Hexes
  1574 | D:2      | Reached skill level 1 in Summonings
  1574 | D:2      | Reached skill level 1 in Necromancy
  1574 | D:2      | Reached skill level 1 in Translocations
  1574 | D:2      | Reached skill level 1 in Transmutations
  1574 | D:2      | Reached skill level 1 in Fire Magic
  1574 | D:2      | Reached skill level 1 in Ice Magic
  1574 | D:2      | Reached skill level 1 in Air Magic
  1574 | D:2      | Reached skill level 1 in Earth Magic
  1574 | D:2      | Reached skill level 1 in Poison Magic
  2610 | D:4      | Reached XP level 5. HP: 44/47 MP: 7/7
  2730 | D:4      | Found a blossoming altar of Fedhas.
  3267 | D:4      | Splashed by a jelly's acid

Illustrated notes

Levels and vault maps discovered:
D:1:      lightli_arrival_chessboard, layout_basic,
          amcnicky_mini_rare_corridor_liquid
D:2:      layout_loops_ring, dreamdust_ecumenical_altar_grove, basic_altar
D:3:      layout_basic, grunt_decor_arrowhead
D:4:      layout_loops_ring, fedhas_altar_decomposition, serial_rivers,
          chequers_serial_rivers_large_a, chequers_serial_rivers_micro_c,
          chequers_serial_rivers_micro_b, chequers_serial_rivers_large_b,
          kennysheep_generic_room_12

Skill      XL: |  1  2  3  4  5 |
---------------+----------------+-----
Invocations    | 1 |  1.7
Short Blades   | 1 |  1.5
Long Blades    | 1 |  1.5
Maces & Flails | 1 |  1.5
Polearms       | 1 |  1.5
Staves         | 1 |  1.5
Ranged Weapons | 1 |  1.5
Dodging        | 1 |  1.5
Shields        | 1 |  1.5
Unarmed Combat | 1 |  1.5
Spellcasting   | 1 |  1.5
Evocations     | 1 |  1.5
Conjurations   | 1 |  1.2
Hexes          | 1 |  1.2
Summonings     | 1 |  1.2
Necromancy     | 1 |  1.2
Translocations | 1 |  1.2
Transmutations | 1 |  1.2
Fire Magic     | 1 |  1.2
Ice Magic      | 1 |  1.2
Air Magic      | 1 |  1.2
Earth Magic    | 1 |  1.2
Poison Magic   | 1 |  1.2
Armour         | 3 |  3.0
Fighting       | |  6.7
Axes           | |  4.8
Throwing       | |  6.7
Stealth        | |  2.8

Action                     |  1- 3 |  4- 6 || total
---------------------------+-------+-------++-------
  Melee: Dagger            |    92 |   140 ||   232
         Punch             |     2 |     2 ||     4
         Bite              |     1 |    20 ||    21
  Throw: Dart              |     1 |       ||     1
    Use: Potion            |       |     4 ||     4
   Stab: Sleeping          |     2 |     1 ||     3
         Distracted        |       |     1 ||     1
 Armour: Leather armour    |    20 |    23 ||    43
  Dodge: Dodged            |    43 |    54 ||    97

Table legend: (Time is in decaauts)
 A = Elapsed time spent in this place.
 B = Non-inter-level travel time spent in this place.
 C = Inter-level travel time spent in this place.
 D = Time resting spent in this place.
 E = Time spent auto-exploring this place.
 F = Levels seen in this place.
 G = Mean time per level.
                   A        B        C        D        E       F      G
               +--------+--------+--------+--------+--------+-----+--------+
         Total |   3245 |   3100 |    145 |     20 |   2451 |   4 |  811.2 |
       Dungeon |   3245 |   3100 |    145 |     20 |   2451 |   4 |  811.2 |
               +--------+--------+--------+--------+--------+-----+--------+

Top non-repeatable levels by time:
     D:2: 1079 daAuts
     D:1: 843 daAuts
     D:4: 726 daAuts
     D:3: 596 daAuts
